 Dungeon Crawl Stone Soup version 0.28.0-47-ge53b351184 (webtiles) character file.

Game seed: 14428187922450401238

3492 101zpm the Thaumaturge (level 10, 0/61 HPs)
             Began as a Djinni Ice Elementalist on Apr 25, 2022.
             Slain by Maurice
             ... wielding a +2 short sword of electrocution
              (3 damage)
             ... on level 8 of the Dungeon on Apr 26, 2022.
             The game lasted 00:29:55 (11322 turns).

101zpm the Thaumaturge (Djinni Ice Elementalist)   Turns: 11322, Time: 00:29:55

Health: 0/61       AC: 17    Str:  7    XL:     10   Next: 28%
Gold:   532        EV: 14    Int: 25    God:
                   SH:  3    Dex: 14

rFire   + . .      SeeInvis .   a - +4 rapier (drain)
rCold   . . .      Faith    .   v - +0 buckler
rNeg    + . .      Spirit   .   s - +4 ring mail of Xenlurph {rF- rC+ rCorr Int+4}
rPois   ∞          Reflect  .   w - +0 helmet
rElec   .          Harm     .   (no cloak)
rCorr   +          Rampage  .   (no gloves)
Will    +....                   (boots unavailable)
Stlth   ++........              (no amulet)
HPRegen 0.20/turn               q - ring of positive energy
MPRegen 0.00/turn               x - +4 ring of evasion

@: ice-armoured, freezing walls, flying
A: sickness immunity, fire resistance 2, cold vulnerability 1, float, innate
caster, HP casting, extra vitality 1
a: no special abilities


You were on level 8 of the Dungeon.
You visited 1 branch of the dungeon, and saw 9 of its levels.

You collected 532 gold pieces.

Inventory:

Hand Weapons
 a - a +4 rapier of draining (weapon)
Missiles
 m - a throwing net
Armour
 s - the +4 ring mail of Xenlurph (worn) {rF- rC+ rCorr Int+4}
   (You found it on level 3 of the Dungeon)

   Int:       It affects your intelligence (+4).
   rF:        It makes you vulnerable to fire.
   rC:        It protects you from cold.
   rCorr:     It protects you from acid and corrosion.
 v - a +0 buckler (worn)
 w - a +0 helmet (worn)
Jewellery
 q - a ring of positive energy (left hand)
 x - a +4 ring of evasion (right hand)
 D - a ring of ice
Wands
 E - a wand of acid (6)
Scrolls
 b - 4 scrolls of vulnerability {unknown}
 d - 3 scrolls of teleportation {unknown}
 f - 8 scrolls of identify {unknown}
 g - a scroll of blinking {unknown}
 h - 2 scrolls of enchant weapon {unknown}
 i - 3 scrolls of brand weapon
 j - a scroll of immolation {unknown}
 n - a scroll of torment {unknown}
 p - 2 scrolls of silence {unknown}
 t - 2 scrolls of noise {unknown}
 u - a scroll of fear {unknown}
 y - a scroll of summoning {unknown}
 F - a scroll of fog {unknown}
Potions
 c - 4 potions of curing {unknown}
 e - 2 potions of attraction {unknown}
 k - a potion of magic {unknown}
 l - 4 potions of mutation {unknown}
 o - 2 potions of heal wounds {unknown}
 r - 3 potions of degeneration {unknown}
 z - 3 potions of brilliance {unknown}
 A - a potion of haste {unknown}
 B - 2 potions of cancellation {unknown}
 C - a potion of flight {unknown}


   Skills:
 + Level 0.8 Fighting
 + Level 2.2 Short Blades
 + Level 5.0 Armour
 + Level 3.2 Dodging
 + Level 3.2 Stealth
 + Level 0.5 Shields
 + Level 0.1 Unarmed Combat
 + Level 9.9 Spellcasting


You had 8 spell levels left.
You knew the following spells:

 Your Spells              Type           Power      Damage    Failure   Level
a - Freeze                Ice            100%       1d11      1%          1
b - Frozen Ramparts       Ice            100%       1d12      1%          3
c - Ozocubu's Armour      Ice            58%        N/A       1%          3
d - Hailstorm             Conj/Ice       58%        3d13      3%          4
e - Sandblast             Erth           100%       2d20      1%          1
f - Scorch                Fire           100%       2d10      1%          2
g - Stone Arrow           Conj/Erth      100%       3d13      1%          3
h - Swiftness             Air            58%        N/A       1%          3
Your spell library was empty.

Dungeon Overview and Level Annotations

Branches:
Dungeon (9/15)             Temple (0/1) D:6
   Lair: D:8-11         Orc: D:9-12

Altars:
Ashenzari
Cheibriados
Fedhas
Hepliaklqana
Nemelex Xobeh
Uskayaw
Vehumet

Shops:
D:7 *[

Annotations:
D:7 1 runed translucent door, jaiteiro's ghost, novice DrEE
D:8 Maurice


Innate Abilities, Weirdness & Mutations

You are immune to sickness and miasma.
You are immune to poison.
Your flesh is very heat resistant. (rF++)
You are vulnerable to cold. (rC-)
You float through the air rather than walking.
You learn spells naturally, not from books.
Your magical power is your life essence.
You have superior vitality. (+4 MHP)


Message History

The frozen ramparts melt away.
Something barely misses you.
Casting: Ozocubu's Armour (safe; 1% risk of failure)
Confirm with . or Enter, or press ? or * to list all spells.
You can't see any susceptible monsters within range! (Use Z to cast anyway.)
Casting: Ozocubu's Armour (safe; 1% risk of failure)
Confirm with . or Enter, or press ? or * to list all spells.
Casting: Frozen Ramparts (safe; 1% risk of failure)
Press: ? - help, Dir - look around, f - activate The walls around you are covered in ice.
The wall freezes something.
Something hits you but does no damage.
You are electrocuted!
Casting: Frozen Ramparts (safe; 1% risk of failure)
Confirm with . or Enter, or press ? or * to list all spells.
Okay, then.
The wall freezes something!
Something hits you but does no damage.
You are electrocuted!!
* * * LOW HITPOINT WARNING * * *
Casting: Frozen Ramparts (safe; 1% risk of failure)
Confirm with . or Enter, or press ? or * to list all spells.
You can't see any susceptible monsters within range! (Use Z to cast anyway.)
Casting: Frozen Ramparts (safe; 1% risk of failure)
Confirm with . or Enter, or press ? or * to list all spells.
Aiming: Stone Arrow (safe; 1% risk of failure)
Press: ? - help, Shift-Dir - straight line
* * * LOW HITPOINT WARNING * * *
The wall freezes something!
You hear a zap.
A puff of flame appears from out of thin air!
The puff of flame misses you.
Casting: Stone Arrow (safe; 1% risk of failure)
Confirm with . or Enter, or press ? or * to list all spells.
You don't have enough health to cast this spell.
Your icy armour and frozen ramparts will break if you move.
Continue?
Okay, then.
Casting: Stone Arrow (safe; 1% risk of failure)
Confirm with . or Enter, or press ? or * to list all spells.
You don't have enough health to cast this spell.
Unknown command.
The wall freezes something!
Something hits you.
You die...

...... ... #.#### #.#
#.# #.# #.#
#.####.###.# #
#......{..^# . #@# ###
#.## #######.# #..#
#........ ##.#
#.#####.#
#####.#######.# ###
#..........##.######
#.###.####.........#
###.###.########.###.#
..........# #.# #.#


There were no monsters in sight!

Vanquished Creatures
  2 centaur zombies
  A wraith (D:9)
  Eustachio (D:5)
  A steam dragon (D:7)
  A water moccasin (D:7)
  3 orc warriors
  A black bear (D:6)
  3 ice beasts
  2 necrophages
  2 ogres
  A phantom (D:5)
  2 centaurs
  2 scorpions
  A wyvern zombie (D:9)
  3 bullfrogs
  5 killer bees (D:9)
  4 howler monkeys
  A jelly (D:5)
  2 bullfrog zombies
  2 centaur skeletons
  2 hounds
  2 orc priests
  A bullfrog skeleton (D:6)
  2 iguanas (D:5)
  2 orc wizards
  A scorpion zombie (D:5)
  2 killer bee zombies
  A hound skeleton (D:5)
  Robin (D:4)
  4 adders
  4 white imps
  2 worms (D:2)
  2 dart slugs (D:2)
  16 orcs
  6 bats
  8 endoplasms
  5 giant cockroaches
  14 goblins
  13 hobgoblins
  12 jackals
  7 quokkas
  5 ball pythons
  3 frilled lizards
  7 kobolds
  4 rats (D:1)
166 creatures vanquished.

Notes
Turn   | Place    | Note
-------+----------+-------------------------------------------
     0 | D:1      | 101zpm the Djinni Ice Elementalist began the quest for the
                  | Orb.
     0 | D:1      | Reached XP level 1. HP: 15/15 MP: 0/0
   390 | D:1      | Reached XP level 2. HP: 17/21 MP: 0/0
   943 | D:1      | Reached XP level 3. HP: 19/25 MP: 0/0
   943 | D:1      | Learned a level 1 spell: Sandblast
  1526 | D:1      | Found a faded altar of an unknown god.
  1877 | D:2      | Reached skill level 4 in Spellcasting
  2291 | D:2      | Reached XP level 4. HP: 28/31 MP: 0/0
  3346 | D:3      | Reached XP level 5. HP: 29/35 MP: 0/0
  3346 | D:3      | Learned a level 2 spell: Scorch
  3494 | D:3      | Identified the +4 ring mail of Xenlurph {rF- rC+ rCorr
                  | Int+4}
  3997 | D:4      | Noticed Robin
  4012 | D:4      | Killed Robin
  4116 | D:4      | Noticed an ogre
  4429 | D:4      | Noticed an ogre
  4433 | D:4      | Killed an ogre
  4434 | D:4      | Reached skill level 5 in Spellcasting
  4434 | D:4      | Reached XP level 6. HP: 34/40 MP: 0/0
  4834 | D:5      | Entered Level 5 of the Dungeon
  4879 | D:5      | Reached skill level 1 in Armour
  4900 | D:5      | Noticed Eustachio
  4911 | D:5      | Killed Eustachio
  4912 | D:5      | Reached XP level 7. HP: 19/46 MP: 0/0
  4912 | D:5      | Learned a level 3 spell: Stone Arrow
  5276 | D:5      | Reached skill level 6 in Spellcasting
  5835 | D:5      | Reached XP level 8. HP: 36/51 MP: 0/0
  6001 | D:5      | Found a sparkling altar of Nemelex Xobeh.
  6665 | D:6      | Reached skill level 7 in Spellcasting
  7025 | D:6      | Found a snail-covered altar of Cheibriados.
  7054 | D:6      | Found a hide-covered altar of Uskayaw.
  7177 | D:6      | Found a hazy altar of Hepliaklqana.
  7205 | D:6      | Reached skill level 1 in Short Blades
  7374 | D:6      | Found a staircase to the Ecumenical Temple.
  7396 | D:6      | Reached XP level 9. HP: 38/56 MP: 0/0
  7396 | D:6      | Learned a level 3 spell: Swiftness
  7581 | D:6      | Found a blossoming altar of Fedhas.
  7775 | D:6      | Reached skill level 8 in Spellcasting
  8328 | D:7      | Found a broken altar of Ashenzari.
  8401 | D:7      | Found Suolys's Armour Shop.
  8416 | D:7      | Found a runed translucent door.
  8416 | D:7      | Noticed jaiteiro's ghost (novice DrEE)
  8933 | D:7      | Found Angopn's Fire Supplies.
  9787 | D:8      | Reached skill level 9 in Spellcasting
 10013 | D:8      | Reached XP level 10. HP: 56/61 MP: 0/0
 10218 | D:8      | Noticed Maurice
 10633 | D:9      | Noticed a centaur warrior
 10633 | D:9      | Noticed a five-headed hydra
 10635 | D:9      | Noticed a red ugly thing
 10635 | D:9      | Noticed a centaur warrior
 10636 | D:9      | Noticed a centaur warrior
 10636 | D:9      | Found the +7 sceptre of Torment {pain, torment}
 10636 | D:9      | Noticed a purple ugly thing
 10636 | D:9      | Noticed a brown ugly thing
 10648 | D:9      | Noticed a purple ugly thing
 10648 | D:9      | Noticed a deep elf pyromancer
 10649 | D:9      | Noticed an efreet
 10649 | D:9      | Noticed a four-headed hydra
 10681 | D:9      | Reached skill level 5 in Armour
 11322 | D:8      | Slain by Maurice

Illustrated notes

Levels and vault maps discovered:
D:1:      minmay_arrival_stair_chambers, layout_basic,
          shapermc_ecumenical_altar_petra
D:2:      minmay_recursive_quarters, layout_loops_ring, minmay_split_cup_large
D:3:      layout_basic, st_stairs_7
D:4:      layout_loops_ring, hangedman_decor_push, uniq_robin
D:5:      layout_basic, nicolae_overflow_hidden_temple, dk_noncrumbling_3,
          uniq_eustachio
D:6:      layout_loops_corners, fedhas_altar_1, gammafunk_temple_overflow_wave,
          mainiacjoe_overflow_two_lobes, minmay_temple_entry_offerings,
          hangedman_decor_diamond_cutter, st_stairs_14
D:7:      layout_gridville, mainiacjoe_overflow_alcove_1, serial_shops, shop,
          hellmonk_ghost_happy_afterlife, nicolae_lava_and_water,
          nicolae_shop_fire_sale [nicolae_sub_dead_trees]
D:8:      layout_loops_ring, lair_entry_dummy, uniq_maurice
D:9:      minmay_blocky_corners, layout_layer_cave, minivault_12

Skill      XL: |  1  2  3  4  5  6  7  8  9 10 |
---------------+-------------------------------+-----
Stealth        | 2 3 |  3.2
Spellcasting   | 4 5 6 7 9 |  9.9
Armour         | 2 3 4 5 |  5.0
Dodging        | 3 |  3.2
Short Blades   | 1 2 |  2.2
Fighting       | |  0.8
Shields        | |  0.5
Unarmed Combat | |  0.1

Action                   |  1- 3 |  4- 6 |  7- 9 | 10-12 || total
-------------------------+-------+-------+-------+-------++-------
Melee: Unarmed           |     1 |     7 |       |       ||     8
       Rapier            |       |       |    10 |       ||    10
 Cast: Freeze            |    48 |    64 |    23 |       ||   135
       Frozen Ramparts   |     4 |     8 |    19 |     9 ||    40
       Ozocubu's Armour  |     1 |       |     5 |     6 ||    12
       Scorch            |       |     6 |    83 |    12 ||   101
       Stone Arrow       |       |       |     5 |     5 ||    10
  Use: Scroll            |       |     1 |       |       ||     1
Armor: Robe              |     7 |     3 |       |       ||    10
       Ring mail         |       |    10 |    27 |     5 ||    42
Dodge: Dodged            |    22 |    25 |    38 |     9 ||    94
Block: Buckler           |       |       |     6 |     1 ||     7
